[Event "Team 45 45 League T50"]
[Site "Internet Chess Club"]
[Date "2011.09.10"]
[Round "5"]
[White "werty"]
[Black "Whalen"]
[Result "1/2-1/2"]
[WhiteElo "1529"]
[BlackElo "1565"]
[Opening "French: Winawer, advance variation"]
[ECO "C18"]
[Time "14:00:36"]
[TimeControl "2700+45"]

1. d4 e6 2. e4 d5 3. Nc3 Bb4 4. e5 c5 5. a3 Bxc3+ 6. bxc3 Nc6 7. Nf3 Nge7 8. Be2
Nf5 9. O-O Bd7 10. Bg5 f6 11. exf6 gxf6 12. Bf4 Qe7 13. Re1 O-O-O 14. Rb1 e5 15.
dxe5 fxe5 16. Bb5 Rhg8 17. Bxc6 Bxc6 18. Nxe5 Qf6 19. Nxc6 Qxc6 20. Re5 Nh4 21.
Bg5 Nxg2 22. Kxg2 h6 23. h4 hxg5 24. hxg5 d4+ 25. Qf3 Qxf3+ 26. Kxf3 b6 27. cxd4
Rxd4 28. Rbe1 Kd8 29. R1e4 Rd2 30. Re2 Rd4 31. R2e4 Rd2 32. Re2 Rd4 33. Kg3 Ra4
34. R2e3 Rc4 35. Re7 Rxg5+ 36. Kf3 Rf5+ 37. Kg3 Ra4 38. Rb7 Kc8 39. Ree7 Rxa3+
40. Kg4 Rxf2 41. Rbc7+ Kb8 42. Rb7+ Ka8 43. Rbd7 Rf8 44. Rc7 Ra1 45. Kg3 Rg1+
46. Kh2 Ra1 47. Kg3 Kb8 48. Rb7+ Ka8 49. Rbc7 Ra3+ 50. Kg2 Ra4 51. Kg3 Rg8+ 52.
Kf3 Rf8+ 53. Kg3 c4 54. c3 b5 55. Rb7 Rb8 56. Rbc7 Ra3 57. Kf4 Rd8 58. Ke4 Ra1
59. Kf3 Ra6 60. Kf4 Rb6 61. Kf3 a6 62. Rg7 Kb8 63. Kf4 a5 64. Ke4 a4 65. Ra7
Rdd6 66. Raf7 Kc8 67. Rc7+ Kb8 68. Rcf7 Rdc6 69. Kd5 a3 70. Ra7 b4 71. cxb4 c3
72. Rxa3 c2 73. Rg8+ Kb7 74. Rg7+ Rc7 75. Rxc7+ Kxc7 76. Rc3+ Kb7 77. Rxc2 Rxb4
78. Rc5 Rh4 79. Ke6 Rh6+ 80. Kf7 Kb6 81. Rc1 Rh5 82. Rb1+ Kc5 83. Rc1+ Kd4 84.
Re1 Kd3 85. Ra1 Kc4 86. Rc1+ Kd3 87. Ra1 Kc2 88. Ra4 Kb3 89. Re4 Kc3 90. Ra4 Kb3
91. Re4 Kc3 92. Ra4 Kb3 {Game drawn by repetition} 1/2-1/2

[Event "Team 45 45 League T50"]
[Site "Internet Chess Club"]
[Date "2011.09.11"]
[Round "5"]
[White "kwameh72"]
[Black "chicopee-ed"]
[Result "1-0"]
[WhiteElo "1686"]
[BlackElo "1350"]
[Opening "Queen's pawn, Mason variation, Steinitz counter-gambit"]
[ECO "D00"]
[Time "10:02:38"]
[TimeControl "2700+45"]

1. d4 d5 2. Bf4 c5 3. e3 Nc6 4. c3 Nf6 5. Bd3 e6 6. Nd2 Qb6 7. Rb1 Be7 8. Ngf3
Nh5 9. Bg3 Nxg3 10. hxg3 cxd4 11. exd4 Bd7 12. Qe2 g6 13. Ne5 Qc7 14. f4 Nxe5
15. fxe5 a6 16. O-O O-O 17. Nf3 Rac8 18. Nh2 Qa5 19. a3 Bb5 20. Ng4 Bxd3 21.
Qxd3 Bg5 22. Nf6+ Bxf6 23. Rxf6 Qd8 24. Rbf1 Rc7 25. g4 Qe8 26. Qh3 Kg7 27. g5
Kh8 28. R1f3 Rg8 29. Qg4 Re7 30. Rh3 Rg7 31. Qe2 Kg8 32. b3 Rc7 33. c4 Qd8 34.
c5 Rc6 35. b4 b5 36. Rhf3 Qe8 37. Qa2 Qb8 38. Rb3 Qb7 39. a4 Kf8 40. axb5 Qxb5
41. Qa5 Qxa5 42. bxa5 Rc8 43. Rb6 Kg8 44. Rxa6 Kh8 45. Ra7 Rb8 46. Rfxf7 Rxf7
47. Rxf7 Kg8 48. Rf6 Ra8 49. Rxe6 Rxa5 50. Rd6 Kf7 51. Rxd5 Ke6 52. Rd6+ Ke7 53.
Kf2 Ra2+ 54. Kf3 Rc2 55. c6 {Black resigns} 1-0

[Event "Team 45 45 League T50"]
[Site "Internet Chess Club"]
[Date "2011.09.14"]
[Round "5"]
[White "zepled37"]
[Black "kidviper"]
[Result "0-1"]
[WhiteElo "1665"]
[BlackElo "1955"]
[Opening "Scandinavian (center counter) defense"]
[ECO "B01"]
[Time "18:26:07"]
[TimeControl "2700+45"]

1. e4 d5 2. exd5 Qxd5 3. Nc3 Qa5 4. Bc4 Nf6 5. d3 c6 6. Ne2 Bg4 7. f3 Bh5 8. Be3
e6 9. O-O Bd6 10. Qe1 Qc7 11. Ng3 Bg6 12. Rd1 O-O 13. Qf2 Nbd7 14. Kh1 Nd5 15.
Nxd5 cxd5 16. Bb3 Nc5 17. f4 Nxb3 18. axb3 Rfe8 19. Bxa7 Bxf4 20. Bb6 Bxg3 21.
Bxc7 Bxf2 22. Rxf2 Rec8 23. Bg3 Ra2 24. c3 Bxd3 25. h3 Be4 26. Rdf1 f6 27. Bd6
Ra6 28. Bb4 Rca8 29. Kg1 Bd3 30. Rd1 Ra1 31. Rxa1 Rxa1+ 32. Kh2 e5 33. Rd2 e4
34. c4 d4 35. Kg3 Kf7 36. Kf4 g5+ 37. Kg3 Ke6 38. h4 h6 39. hxg5 hxg5 40. Kg4
Ke5 41. Bc5 Rc1 42. Kh5 Rc2 43. Rxc2 Bxc2 44. b4 e3 45. b5 Ke4 46. Kg6 d3 47.
Bxe3 Kxe3 48. Kxf6 d2 {White resigns} 0-1

[Event "Team 45 45 League T50"]
[Site "Internet Chess Club"]
[Date "2011.09.10"]
[Round "5"]
[White "RD1974"]
[Black "bmw2002"]
[Result "1-0"]
[WhiteElo "1745"]
[BlackElo "1564"]
[Opening "Caro-Kann: anti-Caro-Kann defense"]
[ECO "B10"]
[Time "18:06:03"]
[TimeControl "2700+45"]

1. e4 c6 2. c4 e5 3. Nf3 d6 4. d4 Nd7 5. Nc3 Ngf6 6. Be3 Be7 7. h3 O-O 8. Be2
Nb6 9. dxe5 dxe5 10. Nxe5 Qc7 11. Nf3 Be6 12. c5 Nbd7 13. b4 Rfd8 14. Qc1 b6 15.
Bf4 Qb7 16. Bd6 Bxd6 17. cxd6 Ne8 18. e5 f6 19. Nd4 Bf7 20. e6 Ne5 21. exf7+
Kxf7 22. Nf5 g6 23. Ne3 Nxd6 24. O-O Rac8 25. Ng4 Qe7 26. Re1 Qf8 27. Ba6 Rb8
28. Nxe5+ fxe5 29. Rxe5 Qg7 30. Qf4+ Nf5 31. Bc4+ Kf8 32. Rxf5+ gxf5 33. Qxf5+
Ke8 34. Re1+ {Black resigns} 1-0

[Event "Team 45 45 League T50"]
[Site "Internet Chess Club"]
[Date "2011.09.10"]
[Round "5"]
[White "badmove"]
[Black "Salvatore"]
[Result "1/2-1/2"]
[WhiteElo "1749"]
[BlackElo "1564"]
[Opening "Réti opening"]
[ECO "A04"]
[Time "10:23:03"]
[TimeControl "2700+45"]

1. Nf3 e6 2. d3 h6 3. g3 c5 4. Bg2 Nc6 5. e4 d6 6. c3 Nf6 7. Nh4 Be7 8. f4 e5 9.
f5 Qb6 10. Qe2 Bd7 11. h3 a5 12. Be3 a4 13. Na3 Na5 14. Rb1 Qc7 15. O-O Bc6 16.
Bf2 b5 17. g4 Nh7 18. Nc2 Bxh4 19. Bxh4 f6 20. d4 O-O 21. Ne3 cxd4 22. cxd4 exd4
23. Nd5 Bxd5 24. exd5 Rfe8 25. Qxb5 Nc4 26. Rfc1 Rac8 27. Bf1 d3 28. Bxd3 Qb6+
29. Qxb6 Nxb6 30. Rc6 Nd7 31. Rbc1 Rb8 32. R1c2 Nc5 33. Bf1 Rbd8 34. Re2 Rxe2
35. Bxe2 Ng5 36. Bxg5 hxg5 37. Bc4 Ne4 38. Ra6 Nc5 39. Rc6 Ne4 40. b4 axb3 41.
axb3 Ra8 42. Ra6 Rb8 43. Kg2 Kf8 44. Ra3 Ke7 45. Kf3 Nc5 46. Ke3 Rb7 47. Kd4 Nd7
48. Kc3 Ne5 49. Ra8 Rc7 50. Ra4 Kf7 51. Kb4 g6 52. fxg6+ Nxg6 53. Ra1 Rb7+ 54.
Kc3 Rc7 55. Kd4 Ne5 56. Ra6 Ke7 57. Ra1 Kf7 58. Rc1 Rb7 59. Kc3 Rc7 60. Kd4 Rb7
61. Ke4 Re7 62. Kd4 Rb7 {Game drawn by repetition} 1/2-1/2

[Event "Team 45 45 League T50"]
[Site "Internet Chess Club"]
[Date "2011.09.11"]
[Round "5"]
[White "krysto"]
[Black "Lee-D"]
[Result "1-0"]
[WhiteElo "1609"]
[BlackElo "1291"]
[Opening "QGD Slav: Dutch variation"]
[ECO "D18"]
[Time "14:00:10"]
[TimeControl "2700+45"]

1. d4 d5 2. c4 c6 3. Nf3 Nf6 4. Nc3 dxc4 5. a4 Bf5 6. e3 e6 7. Bxc4 Bd6 8. O-O
O-O 9. Re1 Ne4 10. Bd3 Nxc3 11. bxc3 Bxd3 12. Qxd3 Nd7 13. c4 c5 14. Bd2 cxd4
15. exd4 Rc8 16. a5 b6 17. axb6 axb6 18. Reb1 Nf6 19. Bg5 h6 20. Bh4 Be7 21. Ra7
Re8 22. Bg3 Rc6 23. Rba1 Bd6 24. Ra8 Qxa8 25. Rxa8 Rxa8 26. h3 Nh5 27. Ne5 Bxe5
28. Bxe5 f6 29. Bg3 Nxg3 30. fxg3 Rac8 31. d5 Rd6 32. Qa3 Rcd8 33. c5 bxc5 34.
dxe6 Rxe6 35. Qxc5 Re1+ 36. Kh2 Rde8 37. g4 R1e5 38. Qc4+ Kh7 39. Qd3+ Re4 40.
Kg3 Kh8 41. Kh2 Re3 42. Qb5 R3e5 43. Qd3 Re2 44. Qd7 Kg8 45. Qd5+ Kf8 46. Kg3
R2e3+ 47. Kh2 Re2 48. Qd6+ Kf7 49. Kg3 Kg6 50. Qd7 R8e5 51. Kh2 R2e3 52. Qc8 h5
53. gxh5+ Kxh5 54. Qg4+ Kh6 55. Qh4+ Kg6 56. Qg4+ Rg5 57. Qf4 Reg3 58. Qxg3 Rxg3
59. Kxg3 Kh5 60. h4 f5 61. Kf4 Kxh4 62. Kxf5 g5 63. g4 Kh3 64. Kxg5 {Black
resigns} 1-0

[Event "Team 45 45 League T50"]
[Site "Internet Chess Club"]
[Date "2011.09.09"]
[Round "5"]
[White "MateIn42"]
[Black "milesotoole"]
[Result "0-1"]
[WhiteElo "1399"]
[BlackElo "1534"]
[Opening "Latvian counter-gambit"]
[ECO "C40"]
[Time "22:02:11"]
[TimeControl "2700+45"]

1. e4 e5 2. Nf3 f5 3. Nc3 Nf6 4. d4 d6 5. Bg5 h6 6. Bxf6 Qxf6 7. Nd5 Qf7 8. Bc4
fxe4 9. Nb6 Qh5 10. Nxa8 exf3 11. Qxf3 Qxf3 12. gxf3 Kd8 13. dxe5 dxe5 14.
O-O-O+ Bd7 15. Be6 Kc8 16. Bxd7+ Nxd7 17. Rd3 Nc5 18. Rc3 Ne6 19. Rd1 Be7 20.
Rd5 Bg5+ 21. Kb1 Re8 22. Rxe5 Bf6 23. Rxe6 Rxe6 24. Re3 Rxe3 25. fxe3 c6 26. c4
Kb8 27. Nb6 axb6 28. Kc2 Kc7 29. b3 Kd6 30. Kd3 Kc5 31. e4 Kb4 32. f4 Ka3 33. e5
Be7 34. f5 Kxa2 35. Ke4 Kxb3 36. e6 Kxc4 37. Ke5 Bf6+ 38. Kd6 b5 39. e7 Bxe7+
40. Kxe7 b4 41. Kf7 b3 42. Kxg7 b2 43. f6 b1=Q 44. f7 Qf1 45. f8=Q Qxf8+ 46.
Kxf8 b5 47. h4 b4 48. h5 b3 49. Kg7 b2 50. Kxh6 b1=Q 51. Kg7 Qh1 52. h6 Qxh6+
53. Kxh6 Kd3 {White resigns} 0-1

[Event "Team 45 45 League T50"]
[Site "Internet Chess Club"]
[Date "2011.09.11"]
[Round "5"]
[White "Zumbi"]
[Black "Ptzz"]
[Result "0-1"]
[WhiteElo "2181"]
[BlackElo "2102"]
[Opening "Caro-Kann: advance variation"]
[ECO "B12"]
[Time "14:01:56"]
[TimeControl "2700+45"]

1. e4 c6 2. d4 d5 3. e5 c5 4. dxc5 e6 5. Nf3 Bxc5 6. Bd3 Nc6 7. O-O Nge7 8. Bf4
Nb4 9. Be2 Ng6 10. Bg3 Qc7 11. Re1 h5 12. h4 Be7 13. Nc3 a6 14. a3 Nc6 15. Bd3
Rh6 16. Qe2 Qd8 17. Bxg6 Rxg6 18. Rad1 Bd7 19. Nb1 Qb6 20. Kh2 Qxb2 21. Rd2 Qb5
22. Rd3 Rc8 23. Nbd2 Na5 24. Nd4 Qa4 25. Qxh5 Rh6 26. Qg4 g5 27. Kg1 Rxc2 28.
hxg5 Rg6 29. Qh5 Bb5 30. Qh8+ Bf8 31. Nxc2 Bxd3 32. Nb4 Qb5 33. Rc1 Nc6 34. Rc3
Bc4 35. Nxc4 dxc4 36. Nxc6 Qxc6 37. f4 Rg7 38. Bf2 b6 39. Be3 Qe4 40. Qh3 Rh7
41. Qf3 Qxf3 42. gxf3 b5 43. Kg2 Kd7 44. Rc1 Bxa3 45. Ra1 b4 46. Rd1+ Kc7 47.
Rd4 c3 48. Rc4+ Kb7 49. Bc5 Kc6 50. Bf8+ Kb5 51. Rc7 Kb6 52. g6 fxg6 53. Rxh7 c2
54. Rh1 Kb5 55. f5 gxf5 56. Bh6 b3 {White resigns} 0-1

[Event "Team 45 45 League T50"]
[Site "Internet Chess Club"]
[Date "2011.09.11"]
[Round "5"]
[White "Jack-ONeill"]
[Black "grabuark"]
[Result "1/2-1/2"]
[WhiteElo "2036"]
[BlackElo "2096"]
[Opening "Sicilian"]
[ECO "B50"]
[Time "11:00:58"]
[TimeControl "2700+45"]

1. e4 c5 2. Nf3 d6 3. Bc4 Nc6 4. c3 Nf6 5. d3 e6 6. Bb3 Be7 7. O-O O-O 8. Re1 b6
9. Nbd2 Ba6 10. Nf1 Qc7 11. Ng3 Ne5 12. Bc2 Rac8 13. h3 b5 14. a3 Bb7 15. Bg5 a5
16. Nxe5 dxe5 17. Bxf6 Bxf6 18. Qg4 g6 19. h4 Bg7 20. a4 h5 21. Qg5 b4 22. Bb3
Qd8 23. Qxd8 Rfxd8 24. Bc4 Bf6 25. Nf1 Bxh4 26. Nd2 Rd6 27. Nb3 Bd8 28. Bb5 Ba6
29. Re3 Rb6 30. Nxa5 Bxb5 31. axb5 Ra8 32. c4 Rbb8 33. Nb3 Rxa1+ 34. Nxa1 Ra8
{Game drawn by mutual agreement} 1/2-1/2

[Event "Team 45 45 League T50"]
[Site "Internet Chess Club"]
[Date "2011.09.11"]
[Round "5"]
[White "Tobiasdelmonte"]
[Black "Despair"]
[Result "1-0"]
[WhiteElo "1781"]
[BlackElo "1921"]
[Opening "Queen's pawn: Lundin (Kevitz-Mikenas) defense"]
[ECO "A40"]
[Time "23:00:20"]
[TimeControl "2700+45"]

1. d4 Nc6 2. Nf3 g6 3. d5 Nb8 4. e4 Bg7 5. Nc3 d6 6. Bc4 c5 7. h3 a6 8. a4 Qa5
9. Bd2 Qb6 10. O-O Nf6 11. e5 dxe5 12. Nxe5 O-O 13. a5 Qc7 14. Nd3 Nbd7 15. Bf4
Qd8 16. Qd2 b5 17. axb6 Nxb6 18. b3 Nfxd5 19. Nxd5 Nxd5 20. Be5 Nb6 21. Bxg7
Kxg7 22. Ra5 Nxc4 23. bxc4 Bf5 24. Rxc5 Qd4 25. Rc7 Rfe8 26. Re1 e5 27. Qa5 e4
28. Qc5 Rad8 29. Nb4 Qc3 30. Rf1 Rd2 31. Nd5 Qxc2 32. Qc6 Rd1 33. Rxd1 Qxd1+ 34.
Kh2 Re6 35. Qb7 Kh6 36. Rxf7 Qd4 37. Rxh7+ Kg5 38. h4+ Kg4 39. f3+ exf3 40. Nf6+
Kf4 41. Qxf3+ Ke5 42. Nd7+ Kd6 43. Qa3+ Kc7 44. Ne5+ {Black resigns} 1-0

[Event "Team 45 45 League T50"]
[Site "Internet Chess Club"]
[Date "2011.09.11"]
[Round "5"]
[White "pishd"]
[Black "check-man"]
[Result "0-1"]
[WhiteElo "1745"]
[BlackElo "1806"]
[Opening "Queen's bishop game"]
[ECO "D02"]
[Time "10:10:18"]
[TimeControl "2700+45"]

1. d4 Nf6 2. Nf3 d5 3. Bf4 e6 4. e3 c5 5. c3 Nc6 6. Nbd2 Bd6 7. Bg3 O-O 8. Bd3
b6 9. Qe2 Qc7 10. e4 Nh5 11. Bxd6 Qxd6 12. e5 Qe7 13. Qe3 f5 14. h3 f4 15. Qe2
g6 16. O-O Bb7 17. Kh2 Ng7 18. Bb5 Nf5 19. Bxc6 Bxc6 20. g4 fxg3+ 21. fxg3 cxd4
22. Nxd4 Nxd4 23. cxd4 Qb4 24. Rxf8+ Rxf8 25. Nf3 Bb5 26. Qg2 Rxf3 27. Rc1 Qxd4
28. Rc8+ Rf8 29. Rxf8+ Kxf8 30. Qf3+ Kg8 31. Qf6 Qxb2+ 32. Kg1 Qb1+ 33. Kh2
Qxa2+ 34. Kg1 Qb1+ 35. Kh2 Qc2+ 36. Kg1 Qd1+ 37. Kg2 Qf1+ {White resigns} 0-1

[Event "Team 45 45 League T50"]
[Site "Internet Chess Club"]
[Date "2011.09.11"]
[Round "5"]
[White "Pason"]
[Black "hidemitsu"]
[Result "0-1"]
[WhiteElo "2078"]
[BlackElo "2274"]
[Opening "QGD: Tarrasch, Réti variation"]
[ECO "D34"]
[Time "10:12:51"]
[TimeControl "2700+45"]

1. d4 d5 2. Nf3 Nf6 3. c4 e6 4. Nc3 c5 5. cxd5 exd5 6. g3 Nc6 7. Bg2 Be7 8. O-O
O-O 9. dxc5 Bxc5 10. Na4 Be7 11. Be3 Re8 12. Rc1 Bg4 13. Nd4 Qd7 14. Nxc6 bxc6
15. Nc5 Bxc5 16. Rxc5 Ne4 17. Rc2 Bf5 18. Rc1 Rac8 19. Qa4 Nd6 20. Rfd1 Be4 21.
Bf1 Rc7 22. Bf4 h6 23. Qb4 Rd8 24. b3 g5 25. Be5 Qe6 26. Bb2 f6 27. Qd4 Kf7 28.
f3 Bg6 29. e4 Ne8 30. exd5 cxd5 31. Rxc7+ Nxc7 32. Qxa7 Rd7 33. Rc1 Qe7 34. Qf2
Ne6 35. Re1 Qd6 36. Bh3 f5 37. Bd4 Qb4 38. Rd1 Rd6 39. Qe2 Nxd4 40. Qd3 Nxf3+
41. Qxf3 g4 42. Qe3 gxh3 43. Re1 Qb6 {White resigns} 0-1

[Event "Team 45 45 League T50"]
[Site "Internet Chess Club"]
[Date "2011.09.12"]
[Round "5"]
[White "Catweazle"]
[Black "pkktet"]
[Result "1-0"]
[WhiteElo "1918"]
[BlackElo "1844"]
[Opening "Benkö gambit half accepted"]
[ECO "A57"]
[Time "10:00:04"]
[TimeControl "2700+45"]

1. d4 Nf6 2. c4 c5 3. d5 b5 4. cxb5 a6 5. b6 Qxb6 6. Nc3 d6 7. Nf3 g6 8. Nd2 Bg7
9. e4 Nbd7 10. Be2 O-O 11. Nc4 Qc7 12. O-O Nb6 13. Ne3 Nfd7 14. a4 a5 15. Nb5
Qd8 16. Qc2 Ba6 17. Bd2 Bxb5 18. Bxb5 Nf6 19. Bc3 Ne8 20. Bxg7 Kxg7 21. f4 Nc7
22. Bc6 Ra7 23. f5 Na6 24. Qc3+ f6 25. Qxa5 Nd7 26. Qxd8 Rxd8 27. fxg6 hxg6 28.
Nc4 Rb8 29. Bb5 Nb4 30. Rac1 Nd3 31. Rc2 N7e5 32. Nxe5 Nxe5 33. Rb1 g5 34. Kf2
Rh8 35. h3 g4 36. hxg4 Nxg4+ 37. Ke2 Rh2 38. Kf3 Ne5+ 39. Kg3 Rh5 40. b4 Rg5+
41. Kf2 Ng4+ 42. Ke2 cxb4 43. Rxb4 Ne5 44. Kf1 Ra8 45. Ra2 Rh8 46. Kg1 Rc8 47.
a5 Rc1+ 48. Bf1 Ng4 49. Rb3 Rh5 50. Rh3 Rxh3 51. gxh3 Ne3 52. Kf2 Nxf1 53. a6
Rc8 54. Kxf1 Ra8 55. Ke2 Kg6 56. Kd3 Kg5 57. Kc4 Kf4 58. Kb5 Kxe4 59. Kc6 f5 60.
Ra4+ Ke3 61. Kb7 {Black resigns} 1-0

[Event "Team 45 45 League T50"]
[Site "Internet Chess Club"]
[Date "2011.09.10"]
[Round "5"]
[White "Sir-Sinister"]
[Black "koni"]
[Result "1-0"]
[WhiteElo "1844"]
[BlackElo "1871"]
[Opening "Sicilian defense"]
[ECO "B30"]
[Time "14:04:23"]
[TimeControl "2700+45"]

1. e4 c5 2. Nf3 Nc6 3. c3 Nf6 4. Bd3 Qc7 5. Bc2 c4 6. b3 b5 7. Qe2 Ba6 8. d4
cxd3 9. Bxd3 Ne5 10. Nxe5 Qxe5 11. f4 Qc5 12. Be3 Qc6 13. a4 Rb8 14. Bxa7 Rb7
15. Bd4 d6 16. axb5 Bxb5 17. Ra8+ Kd7 18. Bxb5 Qxb5 19. Qxb5+ Rxb5 20. Nd2 Rb7
21. O-O g6 22. e5 Bg7 23. Rxh8 Bxh8 24. exf6 Bxf6 25. Bxf6 exf6 26. b4 Ra7 27.
Kf2 Ra2 28. Ke3 Kc6 29. c4 f5 30. Rd1 f6 31. Kd4 {Black resigns} 1-0

[Event "Team 45 45 League T50"]
[Site "Internet Chess Club"]
[Date "2011.09.10"]
[Round "5"]
[White "Wheels"]
[Black "DreamCatcher13"]
[Result "0-1"]
[WhiteElo "1810"]
[BlackElo "2004"]
[Opening "Ruy Lopez: Anderssen variation"]
[ECO "C77"]
[Time "22:04:13"]
[TimeControl "2700+45"]

1. e4 e5 2. Nf3 Nc6 3. Bb5 a6 4. Ba4 Nf6 5. d3 d6 6. O-O b5 7. Bb3 Na5 8. c3
Nxb3 9. Qxb3 Be6 10. Qc2 g6 11. Nbd2 Bg7 12. Re1 O-O 13. Nf1 c5 14. Ng5 Bc8 15.
f4 Bb7 16. Ng3 Re8 17. f5 d5 18. fxg6 fxg6 19. exd5 Qxd5 20. Be3 Ng4 21. Rad1
Nxe3 22. Rxe3 Qxa2 23. N3e4 Qd5 24. c4 Qd4 25. Qe2 Rac8 26. Nf3 Qd8 27. Neg5 Qf6
28. Rxe5 Rxe5 29. Qxe5 Qxe5 30. Nxe5 {White resigns} 0-1

[Event "Team 45 45 League T50"]
[Site "Internet Chess Club"]
[Date "2011.09.11"]
[Round "5"]
[White "GeorgeCostanza"]
[Black "Philly-Boy"]
[Result "0-1"]
[WhiteElo "1791"]
[BlackElo "1909"]
[Opening "Catalan opening"]
[ECO "E00"]
[Time "23:00:27"]
[TimeControl "2700+45"]

1. d4 Nf6 2. c4 e6 3. g3 b6 4. Bg2 Nc6 5. e4 Ba6 6. b3 Bb4+ 7. Kf1 d5 8. exd5
exd5 9. Bd2 Qe7 10. Nc3 Nxd4 11. Bxd5 O-O-O 12. Qe1 Nxd5 13. Nxd5 Qxe1+ 14. Bxe1
Rxd5 15. Bxb4 Nc2 16. Kg2 Rd7 17. Bc3 Nxa1 18. Bxa1 Bb7+ 19. f3 Rd2+ 20. Kh3 Rd1
{White resigns} 0-1

[Event "Team 45 45 League T50"]
[Site "Internet Chess Club"]
[Date "2011.09.08"]
[Round "5"]
[White "redarmy44"]
[Black "toukon"]
[Result "1/2-1/2"]
[WhiteElo "1628"]
[BlackElo "1726"]
[Opening "Sicilian: dragon, 6.Be3"]
[ECO "B72"]
[Time "16:00:26"]
[TimeControl "2700+45"]

1. e4 c5 2. Nf3 d6 3. d4 cxd4 4. Nxd4 Nf6 5. Nc3 g6 6. Be3 Bg7 7. Bb5+ Bd7 8.
O-O Nc6 9. f3 O-O 10. Nxc6 bxc6 11. Bc4 Qc8 12. Rb1 Be6 13. Qe2 Re8 14. Rfe1 Nh5
15. Bxe6 Qxe6 16. Qd3 Nf6 17. Qd2 Nd7 18. Bd4 Ne5 19. f4 c5 20. Bf2 Ng4 21. Bh4
Bd4+ 22. Kh1 Rab8 23. Nd5 Qd7 24. h3 e6 25. c3 Bg7 26. Ne3 Nxe3 27. Rxe3 Qc6 28.
Ree1 Rb6 29. Bf2 Reb8 30. b3 a5 31. e5 d5 32. Rbc1 R6b7 33. c4 d4 34. Qxa5 Rb4
35. Qa3 Ra8 36. Qb2 Qb7 37. Qd2 Rb6 38. Rc2 Ra3 39. Re2 Rba6 40. Qd3 Qa8 41. Qd2
Bf8 42. Bh4 Qb7 43. Qd3 Be7 44. Bxe7 Qxe7 45. Rcd2 Qa7 46. Qb1 Qa8 47. Kh2 Qd8
48. Qd3 Qh4 49. Qg3 Qd8 50. Qd3 Qa5 51. Rc2 Qd8 52. Rcd2 Qh4 53. Qg3 Qxg3+ 54.
Kxg3 Kg7 55. Kf3 h5 56. g3 Ra7 57. Ke4 Rb7 58. Kd3 Kf8 59. Ke4 Ke7 60. Kd3 Kd7
61. Ke4 Kc6 62. Kd3 Kb6 63. g4 hxg4 64. hxg4 Ka5 65. Rh2 Kb4 66. Rc2 Rba7 67. g5
Ra8 68. Rcd2 Rf8 69. Rh7 Raa8 70. Rdh2 Ka3 71. R7h6 Kb4 72. Rg2 Ka3 73. Rgh2 Ra7
74. Rg2 Rfa8 75. Rhh2 Kb4 76. Rc2 Ra3 77. Rcd2 {Game drawn by mutual agreement}
1/2-1/2

[Event "Team 45 45 League T50"]
[Site "Internet Chess Club"]
[Date "2011.09.12"]
[Round "5"]
[White "Packerfan"]
[Black "timothysmall56"]
[Result "1/2-1/2"]
[WhiteElo "1764"]
[BlackElo "1672"]
[Opening "Sicilian: Alapin's variation (2.c3)"]
[ECO "B22"]
[Time "09:23:13"]
[TimeControl "2700+45"]

1. e4 c5 2. c3 d5 3. exd5 Qxd5 4. d4 e6 5. Nf3 Nf6 6. Bd3 Nc6 7. O-O Be7 8. Re1
O-O 9. c4 Qd6 10. dxc5 Qxc5 11. Be3 Qd6 12. c5 Qc7 13. Nc3 Rd8 14. Qe2 Ne5 15.
Nxe5 Qxe5 16. f4 Qh5 17. Qxh5 Nxh5 18. Rad1 Nf6 19. Ne4 Nd5 20. Bf2 Nxf4 21. Bc4
Bd7 22. Nd6 Bxd6 23. cxd6 Bc6 24. g3 Nd5 25. Bc5 b6 26. Ba3 b5 27. Bxd5 Bxd5 28.
b3 Rac8 29. Rc1 a5 30. Bc5 f5 31. Kf2 Kf7 32. Re2 Rxd6 33. Ba3 Rxc1 34. Bxc1 Rc6
35. Bf4 Be4 36. a3 Rc2 37. Rxc2 Bxc2 38. b4 axb4 39. axb4 Kf6 40. h4 Be4 41.
Bg5+ Kg6 42. Ke3 h5 43. Kd4 Bc2 44. Kc5 Bd3 45. Kd4 Bc4 46. Ke5 Kf7 47. Bf4 Ke7
48. Bg5+ {Game drawn by mutual agreement} 1/2-1/2

[Event "Team 45 45 League T50"]
[Site "Internet Chess Club"]
[Date "2011.09.11"]
[Round "5"]
[White "fledermaus"]
[Black "flyingpawns"]
[Result "1-0"]
[WhiteElo "1923"]
[BlackElo "1732"]
[Opening "QGD: Orthodox defense, Bd3 line, 11.O-O"]
[ECO "D67"]
[Time "10:09:15"]
[TimeControl "2700+45"]

1. d4 d5 2. c4 c6 3. Nf3 Nf6 4. Nc3 e6 5. Bg5 Nbd7 6. e3 Be7 7. Rc1 O-O 8. Bd3
dxc4 9. Bxc4 Nd5 10. Bxe7 Qxe7 11. O-O b5 12. Nxd5 exd5 13. Bd3 Bb7 14. Qc2 Nf6
15. Ne5 Rac8 16. f4 a6 17. a3 Rc7 18. b4 Rfc8 19. Rf3 Ra8 20. Rh3 g6 21. Qc3 Kg7
22. g4 Bc8 23. Rg3 Qd6 24. g5 Nh5 25. Rg2 Bd7 26. Be2 Bf5 27. Bxh5 gxh5 28. Qc5
Qe6 29. Rb2 Be4 30. Qc3 Kh8 31. Rf2 f6 32. gxf6 Rg8+ 33. Kf1 Qh3+ 34. Ke2 Rg2
35. Rf1 Rxh2 36. Qc5 Rxf2+ 37. Rxf2 Qc8 38. Qd6 h4 39. f7 Kg7 40. f8=Q+ Qxf8 41.
Qxc7+ Kh6 42. Qf7 Qd8 43. Ng4# {Black checkmated} 1-0

[Event "Team 45 45 League T50"]
[Site "Internet Chess Club"]
[Date "2011.09.08"]
[Round "5"]
[White "j65536d"]
[Black "chessateer"]
[Result "1-0"]
[WhiteElo "1814"]
[BlackElo "1828"]
[Opening "French: Tarrasch, closed variation"]
[ECO "C05"]
[Time "17:05:14"]
[TimeControl "2700+45"]

1. e4 e6 2. d4 d5 3. Nd2 Nf6 4. e5 Nfd7 5. f4 c5 6. c3 Nc6 7. Ndf3 cxd4 8. cxd4
a5 9. Bd3 a4 10. Ne2 Nb6 11. O-O Be7 12. g4 Bd7 13. f5 Nb4 14. Bb1 h5 15. fxe6
Bxe6 16. gxh5 Bg4 17. Nf4 Bxh5 18. Qe1 Bxf3 19. Rxf3 g5 20. Nd3 Nc6 21. e6 f6
22. Be3 Qd6 23. Qf2 Qxe6 24. Nc5 Qg4+ 25. Kh1 Rh6 26. Bf5 Qh4 27. Qe2 Nxd4 28.
Bxd4 Qxd4 29. Ne6 Qe5 30. Re3 Rxh2+ 31. Qxh2 Qxe3 32. Nc7+ Kd8 33. Nxa8 Nxa8 34.
Qb8# {Black checkmated} 1-0

[Event "Team 45 45 League T50"]
[Site "Internet Chess Club"]
[Date "2011.09.10"]
[Round "5"]
[White "ddlj81"]
[Black "LazyPeon"]
[Result "1-0"]
[WhiteElo "1795"]
[BlackElo "1765"]
[Opening "Ruy Lopez: closed, anti-Marshall 8.a4"]
[ECO "C88"]
[Time "06:02:51"]
[TimeControl "2700+45"]

1. e4 e5 2. Nf3 Nc6 3. Bb5 a6 4. Ba4 Nf6 5. O-O Be7 6. Re1 b5 7. Bb3 O-O 8. a4
Bb7 9. d3 d6 10. c3 Na5 11. Bc2 c5 12. Nbd2 Nc6 13. Nf1 Re8 14. Ne3 Bf8 15. Nf5
d5 16. Qe2 dxe4 17. dxe4 c4 18. Bg5 Qc7 19. Bxf6 gxf6 20. N3h4 Ne7 21. Nxe7+
Bxe7 22. Nf5 Bf8 23. Qh5 Bc8 24. axb5 a5 25. Re3 Bxf5 26. Qxf5 Bg7 27. Rg3 Qe7
28. Qg4 Qf8 29. Ba4 Red8 30. h4 Rd3 31. Rxd3 cxd3 32. Rd1 Rd8 33. Bb3 Qc5 34. h5
Kf8 35. h6 Bh8 36. Qh5 Qe7 37. Bd5 Rxd5 38. exd5 e4 39. Qf5 Qe5 40. Qxe5 fxe5
41. b6 {Black resigns} 1-0

[Event "Team 45 45 League T50"]
[Site "Internet Chess Club"]
[Date "2011.09.08"]
[Round "5"]
[White "ChessicalZ"]
[Black "parrot9"]
[Result "1-0"]
[WhiteElo "1673"]
[BlackElo "1581"]
[Opening "English: Bremen, reverse dragon"]
[ECO "A22"]
[Time "13:02:28"]
[TimeControl "2700+45"]

1. c4 e5 2. Nc3 Nf6 3. g3 d5 4. cxd5 Nxd5 5. Bg2 Be6 6. Nf3 Nc6 7. O-O f6 8. d4
Nxc3 9. bxc3 e4 10. Ne1 f5 11. Bb2 Bd6 12. d5 Bd7 13. dxc6 Bxc6 14. Qb3 Qe7 15.
e3 O-O-O 16. Nc2 b6 17. Nd4 Bd7 18. Rfe1 g5 19. a4 a5 20. Bf1 f4 21. Ba6+ Kb8
22. Qd5 c6 23. Nxc6+ Bxc6 24. Qxc6 Bc5 25. Rad1 fxg3 26. hxg3 Rd3 27. Bxd3
{Black resigns} 1-0

[Event "Team 45 45 League T50"]
[Site "Internet Chess Club"]
[Date "2011.09.09"]
[Round "5"]
[White "BishopMike"]
[Black "Oscar"]
[Result "1/2-1/2"]
[WhiteElo "1382"]
[BlackElo "1508"]
[Opening "Sicilian defense"]
[ECO "B32"]
[Time "22:02:24"]
[TimeControl "2700+45"]

1. e4 c5 2. Nf3 Nc6 3. d4 cxd4 4. Nxd4 d6 5. Bb5 Qc7 6. O-O e5 7. Nb3 Nf6 8. Nc3
Bd7 9. Bg5 Be7 10. Bxf6 Bxf6 11. Nd5 Qd8 12. Qf3 Be7 13. Bc4 O-O 14. Nxe7+ Qxe7
15. Rfd1 Rac8 16. Qd3 Nb4 17. Qe2 Be6 18. Bd3 Rfd8 19. c3 Nxd3 20. Qxd3 Bc4 21.
Qe3 b6 22. Nc1 Qd7 23. b3 Ba6 24. c4 Bb7 25. Nd3 f6 26. Nb4 Rc5 27. Nd5 Bxd5 28.
Rxd5 Rxd5 29. exd5 Rc8 30. f4 Qe7 31. Re1 Re8 32. f5 Rc8 33. Qe4 Qc7 34. g4 Qc5+
35. Kh1 Qf2 36. Qe2 Qxe2 {Game drawn by mutual agreement} 1/2-1/2